 Dungeon Crawl Stone Soup version 0.30-a0-354-g6b83867211 (webtiles) character file.

Game seed: 9171432209103965007

3214 NinjaNoafa the Cleaver (level 9, -5/81 HPs)
             Began as a Minotaur Fighter on Nov 7, 2022.
             Was an Initiate of Ru.
             Killed from afar by an electric eel (13 damage)
             ... with a bolt of electricity
             ... in a bailey.
             The game lasted 00:09:28 (6672 turns).

NinjaNoafa the Cleaver (Minotaur Fighter)           Turns: 6672, Time: 00:09:29

Health: -5/81      AC: 15    Str: 25    XL:     9   Next: 65%
Magic:  8/8        EV:  7    Int:  8    God:    Ru [......]
Gold:   369        SH:  5    Dex: 13    Spells: 8/8 levels left

rFire   + . .      SeeInvis +    q - +11 spear of the Three Shrikes {vorpal, Int+4}
rCold   + + .      Faith    +    c - +0 buckler
rNeg    . . .      Spirit   .    z - +0 plate armour
rPois   +          Reflect  .    (helmet restricted)
rElec   .          Harm     .    E - scarf {rC+ rF+}
rCorr   .          Rampage  .    (no gloves)
Will    .....                    F - +0 pair of boots
Stlth   ..........               m - amulet of faith
HPRegen 0.33/turn                l - +4 ring of slaying
MPRegen 0.11/turn                G - ring of protection from cold

@: no status effects
A: horns 2, retaliatory headbutt, talons 1, see invisible, agile 1, poison
resistance, evolution 1
a: Renounce Religion


You were in a bailey.
You worshipped Ru.
Ru was noncommittal.
You visited 2 branches of the dungeon, and saw 8 of its levels.
You also visited: Bailey.

You collected 369 gold pieces.

Inventory:

Hand Weapons
 q - the +11 spear of the Three Shrikes (weapon) {vorpal, Int+4}
   (You found it on level 5 of the Dungeon)

   It inflicts extra damage upon your enemies.
   Int:       It affects your intelligence (+4).
Missiles
 f - 44 stones
 i - 8 poisoned darts
 x - a boomerang (quivered)
Armour
 c - a +0 buckler (worn)
 z - a +0 plate armour (worn)
 E - a scarf of resistance (worn)
 F - a +0 pair of boots (worn)
Jewellery
 l - a +4 ring of slaying (left hand)
 m - an amulet of faith (around neck)
 u - the ring of Fucavaum {rC+ MP+9 Str-3 Stlth+}
   (You found it on level 3 of the Dungeon)

   [ring of magical power]

   Str:       It affects your strength (-3).
   rC:        It protects you from cold.
   MP:        It affects your magic capacity (+9).
   Stlth:     It makes you more stealthy.
 A - a ring of poison resistance
 G - a ring of protection from cold (right hand)
 H - a ring of protection from cold
Wands
 s - a wand of mindburst (13)
Scrolls
 b - 8 scrolls of identify {unknown}
 e - 2 scrolls of enchant armour {unknown}
 g - 5 scrolls of fear {unknown}
 j - 3 scrolls of noise {unknown}
 n - a scroll of amnesia {unknown}
 o - 4 scrolls of immolation {unknown}
 r - 6 scrolls of teleportation {unknown}
 t - a scroll of silence {unknown}
 v - 2 scrolls of vulnerability {unknown}
 y - 2 scrolls of poison {unknown}
 B - a scroll of blinking {unknown}
 J - a scroll of torment {unknown}
Potions
 a - 3 potions of curing
 d - 3 potions of might
 h - a potion of mutation
 k - 3 potions of lignification
 p - a potion of attraction
 w - 2 potions of brilliance {unknown}
 C - 2 potions of ambrosia {unknown}
 D - a potion of invisibility {unknown}
 I - a potion of degeneration {unknown}


   Skills:
 + Level 8.2 Fighting
 - Level 9.0(10.0) Axes
 - Level 6.8(9.0) Polearms
 + Level 8.2 Armour
 - Level 7.0 Shields


You had 8 spell levels left.
You didn't know any spells.
Your spell library contained the following spells:

 Spells                   Type           Power      Damage    Failure   Level
 Ozocubu's Armour         Ice            0%         N/A       100%        3
 Summon Lightning Spire   Summ/Air       0%         N/A       100%        4
 Metabolic Englaciation   Hex/Ice        0%         N/A       100%        5
 Simulacrum               Ice/Necr       0%         N/A       100%        6
 Storm Form               Tmut/Air       0%         N/A       100%        7
 Maxwell's Capacitive Co  Air            0%         ∞         100%        8


Dungeon Overview and Level Annotations

Branches:
Dungeon (7/15)             Temple (1/1) D:6          Bailey (1/1)

Altars:
Ashenzari
Cheibriados
Dithmenos
Elyvilon
Fedhas
Gozag
Makhleb
Nemelex Xobeh
Okawaru
Qazlal
Ru
Sif Muna
Trog
Uskayaw
Wu Jian
Xom
The Shining One


Innate Abilities, Weirdness & Mutations

You have a pair of horns on your head.
You reflexively headbutt those who attack you in melee.
You have sharp toenails.
You have supernaturally acute eyesight. (SInv)
You are agile. (Dex +4, Str/Int -1)
Your system is resistant to poisons. (rPois)
You have hidden genetic potential.


Message History

You barely miss the gnoll. Your headbutt misses the gnoll.
You puncture the gnoll! Your headbutt misses the gnoll.
The gnoll is severely wounded.
The goblin hits you but does no damage. The orc barely misses you.
You hit the gnoll but do no damage. You headbutt the gnoll.
The gnoll is moderately wounded.
The electric eel shoots out a bolt of lightning at you!
The bolt of electricity hits you!
The bolt of electricity hits the gnoll.
You block the gnoll's attack. The goblin hits you but does no damage.
The orc completely misses you.
The gnoll shouts!
The electric eel shoots out a bolt of lightning at you!
The bolt of electricity hits the orc!
The orc dies!
The bolt of electricity hits you! The gnoll hits you but does no damage.
The orc warrior barely misses you. The gnoll hits you but does no damage.
There is an open gate, spattered with blood here.
The electric eel shoots out a bolt of lightning at you!
The bolt of electricity hits the goblin.
The goblin dies!
The bolt of electricity hits you!
The electric eel shoots out a bolt of lightning at you!
The bolt of electricity hits you!
* * * LOW HITPOINT WARNING * * *
Okay, then.
You open the large door.
An orc warrior comes into view. It is wielding a +0 hand axe.
The orc warrior shouts!
The gnoll hits you with a +0 war axe.
* * * LOW HITPOINT WARNING * * *
The orc warrior hits you with a +0 war axe.
* * * LOW HITPOINT WARNING * * *
The electric eel shoots out a bolt of lightning at you!
The bolt of electricity hits the gnoll!
The gnoll dies!
The bolt of electricity hits you.
* * * LOW HITPOINT WARNING * * *
The electric eel shoots out a bolt of lightning at you!
The bolt of electricity hits you!
You die...

..# ###8o#
#######.....#
#.....#...8.#
#.....#....
#..⌠..#..#
+.....'..#
+...o.@..#
#####'))#####
#...........#
###~S~~...~~~~##
≈≈≈≈≈≈≈...≈≈≈≈≈≈≈
≈≈≈≈S≈≈...≈≈≈≈≈≈≈
≈≈≈≈≈≈≈...≈≈≈≈≈≈≈
≈≈≈≈≈≈≈...≈≈≈≈≈≈≈
≈≈≈≈.........≈≈≈≈


You could see 2 orc warriors and 2 electric eels.

Vanquished Creatures
  Prince Ribbit (D:7)
  Sigmund (D:5)
  A wyvern (D:7)
  6 yaks (D:6)
  Menkaure (D:6)
  A water moccasin (D:6)
  An ice beast (D:5)
  2 sky beasts (D:6)
  A phantom (D:6)
  2 necrophages
  3 scorpions
  4 killer bees (D:5)
  An electric eel (Bailey)
  A howler monkey (D:6)
  3 jellies
  4 hounds
  An orc priest (D:7)
  Crazy Yiuf (D:2)
  4 iguanas
  A gnoll bouda (D:6)
  3 orc wizards
  6 gnolls
  5 adders
  2 white imps
  A worm (D:2)
  3 dart slugs
  13 orcs
  8 ball pythons
  9 bats
  7 endoplasms
  3 giant cockroaches
  6 goblins
  8 hobgoblins
  4 jackals (D:3)
  10 kobolds
  3 quokkas
  3 frilled lizards
  7 rats
141 creatures vanquished.

Vanquished Creatures (others)
  An orc wizard (D:4)
  A gnoll (Bailey)
  An orc (Bailey)
  A goblin (Bailey)
4 creatures vanquished.

Grand Total: 145 creatures vanquished

Notes
Turn   | Place    | Note
-------+----------+-------------------------------------------
     0 | D:1      | NinjaNoafa the Minotaur Fighter began the quest for the
                  | Orb.
     0 | D:1      | Reached XP level 1. HP: 19/19 MP: 0/0
   295 | D:1      | Reached skill level 3 in Axes
   370 | D:1      | Reached XP level 2. HP: 23/26 MP: 1/1
   550 | D:1      | Reached skill level 4 in Axes
   685 | D:1      | Reached XP level 3. HP: 26/31 MP: 2/2
  1286 | D:2      | Found a runed translucent door.
  1287 | D:2      | Noticed Crazy Yiuf
  1664 | D:2      | Killed Crazy Yiuf
  1665 | D:2      | Reached skill level 5 in Axes
  1665 | D:2      | Reached XP level 4. HP: 11/40 MP: 3/3
  2010 | D:3      | Identified the ring of Fucavaum {rC+ MP+9 Str-3 Stlth+}
  2434 | D:3      | Found a sparkling altar of Nemelex Xobeh.
  2435 | D:3      | Found a broken altar of Ashenzari.
  2506 | D:3      | Reached XP level 5. HP: 47/47 MP: 4/4
  2890 | D:4      | Found a large runed translucent door.
  2893 | D:4      | Found a large runed translucent door.
  2969 | D:4      | Reached skill level 5 in Fighting
  3594 | D:4      | Reached skill level 5 in Armour
  3594 | D:4      | Reached skill level 5 in Shields
  3594 | D:4      | Reached XP level 6. HP: 56/56 MP: 5/5
  3765 | D:4      | Found a shimmering blue altar of Sif Muna.
  4154 | D:4      | Found a burning altar of Makhleb.
  4157 | D:4      | Found an opulent altar of Gozag.
  4204 | D:5      | Entered Level 5 of the Dungeon
  4204 | D:5      | Noticed Sigmund
  4210 | D:5      | Killed Sigmund
  4211 | D:5      | Reached skill level 7 in Axes
  4211 | D:5      | Reached XP level 7. HP: 55/61 MP: 6/6
  4234 | D:5      | Reached skill level 8 in Axes
  4560 | D:5      | Reached skill level 9 in Axes
  4621 | D:5      | Reached XP level 8. HP: 59/69 MP: 7/7
  4928 | D:5      | Identified the +11 spear of the Three Shrikes {vorpal,
                  | Int+4}
  5086 | D:6      | Reached skill level 1 in Polearms
  5151 | D:6      | Noticed Menkaure
  5160 | D:6      | Killed Menkaure
  5260 | D:6      | Found a staircase to the Ecumenical Temple.
  5348 | Temple   | Entered the Ecumenical Temple
  5482 | Temple   | Became a worshipper of Ru the Awakened
  5701 | D:6      | Identified the +4 dagger "Tattletale" {flame, rN+}
  5743 | D:6      | Reached skill level 5 in Polearms
  5744 | D:6      | Gained mutation: You are vulnerable to heat. (rF-) [potion
                  | of mutation]
  5744 | D:6      | Gained mutation: You are weak. (Str -2) [potion of
                  | mutation]
  5744 | D:6      | Gained mutation: You expend magic power (3 MP) to
                  | strengthen your wands. [potion of mutation]
  5745 | D:6      | Lost mutation: You are vulnerable to heat. (rF-) [potion of
                  | mutation]
  5745 | D:6      | Lost mutation: You are weak. (Str -2) [potion of mutation]
  5745 | D:6      | Lost mutation: You expend magic power (3 MP) to strengthen
                  | your wands. [potion of mutation]
  5745 | D:6      | Gained mutation: You have sharp toenails. [potion of
                  | mutation]
  5745 | D:6      | Gained mutation: You have hidden genetic potential. [potion
                  | of mutation]
  5745 | D:6      | Gained mutation: Your system is resistant to poisons.
                  | (rPois) [potion of mutation]
  5745 | D:6      | Gained mutation: You have supernaturally acute eyesight.
                  | (SInv) [potion of mutation]
  5760 | D:6      | Reached XP level 9. HP: 64/79 MP: 8/8
  5897 | D:6      | Found a white marble altar of Elyvilon.
  5921 | D:6      | Noticed a +0 dagger
  6072 | D:6      | Noticed a +0 dagger
  6073 | D:6      | Found a hide-covered altar of Uskayaw.
  6458 | D:7      | Gained mutation: You are agile. (Dex +4, Str/Int -1)
                  | [hidden potential]
  6530 | D:7      | Noticed Prince Ribbit
  6537 | D:7      | Killed Prince Ribbit
  6556 | D:7      | Found a flagged portal.
  6570 | Bailey   | Entered a bailey
  6672 | Bailey   | Killed from afar by an electric eel

Illustrated notes

Levels and vault maps discovered:
D:1:      matt_arrival_grand_opening, layout_loops_corners
D:2:      layout_loops_ring, uniq_crazy_yiuf_cottage
D:3:      layout_loops_ring, minitemple, grunt_ministairs_7,
          nicolae_hexahallways, minmay_misc_feat_rugged, minmay_fountain_box,
          minmay_pentomino_pile
D:4:      layout_basic, tgw_sif, jmf_multi_god_temple2
D:5:      layout_basic, uniq_sigmund
D:6:      layout_basic, dancing_weapons_uskayaw, mainiacjoe_overflow_chevrons,
          minmay_temple_entry_nine_rooms, uniq_menkaure
D:7:      layout_basic, zin_academy, lemuel_mausoleum_altar_kikubaaqudgha,
          enter_bailey_6, uniq_prince_ribbit1
Temple:   hellmonk_temple_beads
Bailey:   bailey_axe_of_yendor_kennysheep, bailey

Skill      XL: |  1  2  3  4  5  6  7  8  9 |
---------------+----------------------------+-----
Axes           | 3 4 5 7 9 |  9.0
Fighting       | 4 5 7 8 |  8.2
Armour         | 4 5 7 8 |  8.2
Shields        | 5 7 |  7.0
Polearms       | 6 |  6.8

Action                   |  1- 3 |  4- 6 |  7- 9 || total
-------------------------+-------+-------+-------++-------
Melee: War axe           |    74 |    77 |    29 ||   180
       Headbutt          |     8 |     8 |    17 ||    33
       Spear             |       |       |    92 ||    92
Throw: Dart              |       |    11 |       ||    11
       Boomerang         |       |    17 |     7 ||    24
  Use: Potion            |     1 |     1 |     7 ||     9
Armor: Scale mail        |    39 |       |       ||    39
       Chain mail        |     8 |    38 |       ||    46
       Plate armour      |       |     8 |    59 ||    67
       Skin              |       |       |    22 ||    22
Dodge: Dodged            |    52 |    27 |    41 ||   120
Block: Buckler           |    15 |    21 |    27 ||    63

Table legend: (Time is in decaauts)
 A = Elapsed time spent in this place.
 B = Non-inter-level travel time spent in this place.
 C = Inter-level travel time spent in this place.
 D = Time resting spent in this place.
 E = Time spent auto-exploring this place.
 F = Levels seen in this place.
 G = Mean time per level.
                   A        B        C        D        E       F      G
               +--------+--------+--------+--------+--------+-----+--------+
         Total |   6709 |   6230 |    479 |     11 |   5198 |   9 |  745.4 |
       Dungeon |   6437 |   6028 |    409 |     11 |   5032 |   7 |  919.6 |
        Temple |    171 |    101 |     70 |      0 |     83 |   1 |  171.0 |
        Bailey |     99 |     99 |      0 |      0 |     83 |   1 |   99.0 |
               +--------+--------+--------+--------+--------+-----+--------+

Top non-repeatable levels by time:
     D:4: 1292 daAuts
     D:6: 1182 daAuts
     D:3: 1063 daAuts
     D:1: 994 daAuts
     D:2: 907 daAuts
     D:5: 876 daAuts
  Temple: 171 daAuts
     D:7: 121 daAuts
  Bailey: 99 daAuts
